 Dungeon Crawl Stone Soup version 0.32-a0-422-g28b100f618 (webtiles) character file.

Game seed: 10902738282291163861

282 Dittersdorf the Trooper (level 6, -4/39 HPs)
             Began as a Gargoyle Fighter on Feb 21, 2024.
             Slain by an ogre
             ... wielding a +0 giant spiked club
              (10 damage)
             ... on level 3 of the Dungeon.
             The game lasted 00:03:42 (3168 turns).

Dittersdorf the Trooper (Gargoyle Fighter)          Turns: 3168, Time: 00:03:43

Health: -4/39      AC: 16    Str: 22    XL:     6   Next: 28%
Magic:  6/6        EV:  7    Int: 14    God:
Gold:   98         SH:  8    Dex:  9    Spells: 5/5 levels left

rFire   . . .        h - +0 morningstar (protect)
rCold   . . .        p - +0 kite shield
rNeg    + . .        a - +0 chain mail
rPois   ∞            k - +2 hat
rElec   +            (no cloak)
rCorr   .            (no gloves)
SInv    .            (no boots)
Will    .....        (no amulet) Stlth
                     b - +6 ring of intelligence
HPRegen 0.26/turn    (no ring)
MPRegen 0.10/turn

%: no passive effects
@: no status effects
A: sickness immunity, AC +4, negative energy resistance 1, electricity
resistance, torment resistance 1, petrification resistance
a: no special abilities


You were on level 3 of the Dungeon.
You visited 1 branch of the dungeon, and saw 4 of its levels.

You collected 98 gold pieces.

Inventory:

Hand Weapons
 h - a +0 morningstar of protection (weapon)
Armour
 a - a +0 chain mail (worn)
 k - a +2 hat (worn)
 p - a +0 kite shield (worn)
Jewellery
 b - a +6 ring of intelligence (left hand)
Wands
 c - a wand of paralysis (6)
 l - a wand of polymorph (14)
Scrolls
 n - a scroll of teleportation
Potions
 d - a potion of might
 e - 2 potions of haste
 f - 2 potions of curing
 g - a potion of invisibility
 i - a potion of mutation
 j - a potion of brilliance
 o - a potion of resistance {unknown}


   Skills:
 + Level 4.7 Fighting
 + Level 3.5 Maces & Flails
 + Level 4.6 Armour
 + Level 4.7 Shields


You had 5 spell levels left.
You didn't know any spells.
Your spell library contained the following spells:

 Spells                   Type           Power      Damage    Failure   Level
 Apportation              Tloc           0%         N/A       98%         1
 Necrotise                Necr           0%         1d4       98%         1
 Sting                    Conj/Alch      0%         1d3       98%         1
 Summon Small Mammal      Summ           0%         N/A       98%         1


Dungeon Overview and Level Annotations

Branches:
Dungeon (4/15)
 Temple: D:4-7

Altars:
Ashenzari
Fedhas
Xom

Annotations:
D:4 Blork the orc, Ijyb


Innate Abilities, Weirdness & Mutations

You are immune to sickness and miasma.
Your stone body is resilient. (AC +4)
You are immune to poison.
You resist negative energy. (rN+)
You are resistant to electric shocks. (rElec)
You are resistant to unholy torment.
You are immune to petrification.


Message History

You're too confused to move!
You feel less confused.
Blork the orc looks encouraged for a moment.
Blork the orc screams, "I'll eat your brain!
And then I'll vomit it back up!"
Blork the orc points at you and mumbles some strange words.
The magic dart hits you!
* * * LOW HITPOINT WARNING * * *
Things that are here:
a +0 whip; 2 boomerangs; an orc skeleton
There is a stone staircase leading up here.
You climb upwards.
Reactivating autopickup.
There is a stone staircase leading down here.
You start resting.
HP restored.
You climb downwards.
Level annotation: Blork the orc, Ijyb The ogre hits you with a +0 giant spiked club!!
Ouch! That really hurt!
There is a stone staircase leading up here.
The ogre barely misses you.
You climb upwards.
There is a stone staircase leading down here.
You are too injured to fight recklessly!
The ogre hits you with a +0 giant spiked club!
* * * LOW HITPOINT WARNING * * *
The ogre attacks as it pursues you! The ogre hits you but does no damage.
The ogre attacks as it pursues you! The ogre barely misses you.
You thump the ogre!
Your weapon exudes an aura of protection.
The ogre is heavily wounded.
You block the ogre's attack.
You barely miss the ogre.
The ogre is heavily wounded.
The ogre hits you with a +0 giant spiked club.
* * * LOW HITPOINT WARNING * * *
You barely miss the ogre.
The ogre is moderately wounded.
The ogre hits you with a +0 giant spiked club!
You die...

#####....###.#
####.#..###.###### #
#.......#........# ####
####.##.##.#........#
...###....##.##..........#
.......#####.####........#
......## #.# #....)...#
.....(######.####....>...#
................@O..[.)..#
....###.####.####........#
...## #..###.# #........#
#######...##.# #........#
......#...##.# ###.######
#####........### #.# ##
###...#....# #.#
.#######.##.##.## #.#
......#.........###.#


You could see an ogre.

Vanquished Creatures
  A scorpion (D:4)
  An orc priest (D:3)
  3 adders
  A gnoll (D:3)
  3 dart slugs
  3 ribbon worms
  9 orcs
  11 endoplasms
  4 giant cockroaches
  4 goblins
  6 hobgoblins
  8 jackals
  A quokka (D:4)
  3 ball pythons
  4 bats
  6 frilled lizards
  2 kobolds
  7 rats
77 creatures vanquished.

Notes
Turn   | Place    | Note
-------+----------+-------------------------------------------
     0 | D:1      | Dittersdorf the Gargoyle Fighter began the quest for the
                  | Orb.
     0 | D:1      | Reached XP level 1. HP: 14/14 MP: 1/1
   161 | D:1      | Reached XP level 2. HP: 17/19 MP: 2/2
   329 | D:1      | Reached XP level 3. HP: 10/23 MP: 3/3
  1253 | D:2      | Reached XP level 4. HP: 29/29 MP: 4/4
  1258 | D:2      | Found a shimmering altar of Xom.
  2055 | D:3      | Reached XP level 5. HP: 33/33 MP: 5/5
  2565 | D:3      | Found a broken altar of Ashenzari.
  2712 | D:4      | Found a blossoming altar of Fedhas.
  2943 | D:4      | Noticed Ijyb
  2949 | D:4      | Reached XP level 6. HP: 28/39 MP: 6/6
  2976 | D:4      | Noticed Blork the orc
  3168 | D:3      | Slain by an ogre

Illustrated notes

Levels and vault maps discovered:
D:1:      onia_arrival_pyramid, layout_basic
D:2:      layout_basic, basic_altar, nicolae_kite_square_tiling_tiny
D:3:      layout_rooms, marbit_many_paths, chequers_serial_rivers_room_b,
          grunt_ministairs_7, minmay_increasing_density
D:4:      layout_basic, fedhas_ov_isle_minmay, serial_shops,
          nicolae_shop_just_a_little_nook, uniq_crazy_yiuf_cottage, uniq_robin,
          uniq_duvessa, uniq_ijyb, uniq_blork_the_orc

Skill      XL: |  1  2  3  4 |
---------------+-------------+-----
Fighting       | 4 |  4.7
Armour         | 4 |  4.6
Shields        | 4 |  4.7
Maces & Flails | 3 |  3.5

Action                     |  1- 3 |  4- 6 || total
---------------------------+-------+-------++-------
  Melee: Flail             |    96 |    63 ||   159
         Morningstar       |       |   129 ||   129
    Use: Scroll            |     6 |     6 ||    12
 Armour: Scale mail        |    90 |    55 ||   145
         Chain mail        |       |   151 ||   151
  Dodge: Dodged            |    63 |    97 ||   160
  Block: Buckler           |    28 |    34 ||    62
         Kite shield       |       |    77 ||    77

Table legend: (Time is in decaauts)
 A = Elapsed time spent in this place.
 B = Non-inter-level travel time spent in this place.
 C = Inter-level travel time spent in this place.
 D = Time resting spent in this place.
 E = Time spent auto-exploring this place.
 F = Levels seen in this place.
 G = Mean time per level.
                   A        B        C        D        E       F      G
               +--------+--------+--------+--------+--------+-----+--------+
         Total |   3278 |   3070 |    208 |    381 |   1829 |   4 |  819.5 |
       Dungeon |   3278 |   3070 |    208 |    381 |   1829 |   4 |  819.5 |
               +--------+--------+--------+--------+--------+-----+--------+

Top non-repeatable levels by time:
     D:1: 1077 daAuts
     D:3: 990 daAuts
     D:2: 832 daAuts
     D:4: 378 daAuts
